 Dungeon Sprint DCSS version 0.19-a0-1401-g902f63d (webtiles) character file.

1946 poirepourri the Warrior (level 8, -13/97 HPs)
             Began as a Minotaur Fighter on Sept 4, 2016.
             Was a Believer of Cheibriados.
             Splashed by an oklob plant's acid (14 damage)
             ... in the Dungeon (Sprint I: "Red Sonja").
             The game lasted 00:01:20 (1374 turns).

poirepourri the Warrior (Minotaur Fighter)          Turns: 1374, Time: 00:01:23

Health: -13/97     AC: -1    Str: 27    XL:     8   Next: 98%
Magic:  7/7        EV: 12    Int:  9    God:    Cheibriados [**....]
Gold:   424        SH: 10    Dex: 14    Spells: 0 memorised, 7 levels left

rFire  . . .     SeeInvis .     a - +0 war axe
rCold  . . .     Gourm    .     b - +0 scale mail
rNeg   . . .     Faith    .     c - +0 shield
rPois  .         Spirit   .     (helmet restricted)
rElec  .         Dismiss  .     (no cloak)
rCorr  .         Reflect  .     (no gloves)
MR     .....     Harm     .     (no boots)
Stlth  .......... NoTele   +    (no amulet)
                                (no ring)
                                (no ring)

@: corroded, very slow
A: retaliatory headbutt, horns 2
a: Bend Time, Renounce Religion


You were in the Dungeon.
You worshipped Cheibriados.
Cheibriados was pleased with you.
You were not hungry.

You visited 1 branch You collected 424 gold pieces.

Inventory:

Hand Weapons
 a - a +0 war axe (weapon)
Armour
 b - a +0 scale mail (worn)
 c - a +0 shield (worn)
Wands
 l - a wand of flame (2/48)
Scrolls
 k - a scroll of blinking
Potions
 d - a potion of might
 h - a potion of haste
 i - 2 potions of magic
 j - a potion of berserk rage
 m - a potion of mutation {unknown}
Comestibles
 f - a bread ration


   Skills:
 + Level 17.6 Fighting
 + Level 12.9 Axes
 - Level 3.6 Armour
 + Level 7.0 Dodging
 - Level 3.6 Shields


You had 7 spell levels left.
You didn't know any spells.

Dungeon Overview and Level Annotations

Branches:
Dungeon (1/1)

Altars:
Cheibriados
Dithmenos
Elyvilon
Fedhas
Gozag
Hepliaklqana
Kikubaaqudgha
Makhleb
Nemelex Xobeh
Okawaru
Qazlal
Ru
Sif Muna
Trog
Uskayaw
Vehumet
Xom
Yredelemnul
Zin
The Shining One
Jiyva
Lugonu

Shops:
D *

Annotations:
D exclusion: oklob plant


Innate Abilities, Weirdness & Mutations

You reflexively headbutt those who attack you in melee.
You have a pair of horns on your head.


Message History

The splash of acid hits you! The acid corrodes you!
The acid burns!
You hit the oklob plant but do no damage.
The oklob plant is severely damaged.
The oklob plant spits acid at you. The splash of acid hits you!
* * * LOW HITPOINT WARNING * * *
The acid burns!
* * * LOW HITPOINT WARNING * * *
You hit the oklob plant but do no damage.
You headbutt the oklob plant, but do no damage.
The oklob plant is heavily damaged.
Unknown command.
You hit the oklob plant but do no damage.
You headbutt the oklob plant.
The oklob plant is severely damaged.
The oklob plant spits acid at you. The splash of acid hits you!
* * * LOW HITPOINT WARNING * * *
The acid corrodes you!
The acid burns!
You die...

############
).#..'..#__#
..').#.((..+
#'#####(#__####
..#...#§####§.####
###..##)#≈§§§§#..#
__##'#§§§≈§≈§§§†.#
...'..._#≈§§§§#..#
__##_.#'##+#####@#
__###+#.# #P+ ###
### ###


You could see an oklob plant.

Vanquished Creatures
  2 centaur warriors (D)
  A slime creature (D)
  Sigmund (D)
  A yak (D)
  A wasp (D)
  An ogre (D)
  A jelly (D)
  Ijyb (D)
9 creatures vanquished.

Vanquished Creatures (others)
  A gargoyle (D)
1 creature vanquished.

Grand Total: 10 creatures vanquished

Notes
Turn   | Place    | Note
-------+----------+-------------------------------------------
     0 | D        | poirepourri the Minotaur Fighter began the quest for the Orb.
     0 | D        | Reached XP level 1. HP: 19/19 MP: 0/0
     2 | D        | Noticed Ijyb
    15 | D        | Killed Ijyb
    15 | D        | Reached skill level 6 in Fighting
    15 | D        | Reached XP level 2. HP: 18/31 MP: 1/1
   148 | D        | Noticed an ogre
   153 | D        | Killed an ogre
   153 | D        | Reached skill level 9 in Fighting
   153 | D        | Reached skill level 5 in Axes
   153 | D        | Reached skill level 1 in Dodging
   153 | D        | Reached XP level 3. HP: 21/45 MP: 2/2
   153 | D        | Reached XP level 4. HP: 24/51 MP: 3/3
   307 | D        | Noticed Sigmund
   310 | D        | Killed Sigmund
   310 | D        | Reached skill level 12 in Fighting
   310 | D        | Reached XP level 5. HP: 48/63 MP: 4/4
   392 | D        | Found a burning altar of Makhleb.
   392 | D        | Found a viscous altar of Jiyva.
   392 | D        | Found a shimmering altar of Xom.
   392 | D        | Found a corrupted altar of Lugonu.
   392 | D        | Noticed a slime creature
   399 | D        | Killed a slime creature
   399 | D        | Reached skill level 14 in Fighting
   399 | D        | Reached XP level 6. HP: 36/74 MP: 5/5
   462 | D        | Killed a gargoyle
   661 | D        | Found a deep blue altar of Sif Muna.
   663 | D        | Found a radiant altar of Vehumet.
   788 | D        | Found Culeob's Assorted Antiques.
   788 | D        | Found an ancient bone altar of Kikubaaqudgha.
   788 | D        | Found a hazy altar of Hepliaklqana.
   788 | D        | Found a stormy altar of Qazlal.
   788 | D        | Found a hide-covered altar of Uskayaw.
   788 | D        | Found a blossoming altar of Fedhas.
   788 | D        | Found a bloodstained altar of Trog.
   788 | D        | Found an iron altar of Okawaru.
   788 | D        | Found a basalt altar of Yredelemnul.
   788 | D        | Found a glowing golden altar of the Shining One.
   788 | D        | Found a snail-covered altar of Cheibriados.
   788 | D        | Found a sacrificial altar of Ru.
   788 | D        | Found a glowing silver altar of Zin.
   788 | D        | Found a shadowy altar of Dithmenos.
   788 | D        | Found a white marble altar of Elyvilon.
   788 | D        | Noticed a yak
   793 | D        | Killed a yak
   793 | D        | Reached XP level 7. HP: 67/82 MP: 6/6
   794 | D        | Found an opulent altar of Gozag.
   795 | D        | Found a sparkling altar of Nemelex Xobeh.
   801 | D        | Became a worshipper of Cheibriados the Contemplative
   869 | D        | Noticed a centaur warrior
   870 | D        | Noticed a centaur warrior
   879 | D        | Killed a centaur warrior
   879 | D        | Reached skill level 16 in Fighting
   879 | D        | Reached skill level 5 in Dodging
   879 | D        | Reached XP level 8. HP: 38/94 MP: 7/7
   884 | D        | Killed a centaur warrior
   884 | D        | Reached * piety under Cheibriados
   884 | D        | Reached skill level 17 in Fighting
  1228 | D        | Paralysed by a wasp for 1 turns
  1230 | D        | Reached ** piety under Cheibriados
  1365 | D        | Noticed an oklob plant
  1374 | D        | HP: 1/97 [oklob plant/splash of acid (11)]
  1374 | D        | Splashed by an oklob plant's acid

Vault maps used:
D:        dungeon_sprint_1

Skill      XL: |  1  2  3  4  5  6  7  8 |
---------------+-------------------------+-----
Fighting       | 6 9 12 14 16 17 | 17.6
Axes           | 4 5 7 8 9 11 12 | 12.9
Dodging        | 1 2 3 4 5 7 |  7.0
Armour         | |  3.6
Shields        | |  3.6

Action                   |  1- 3 |  4- 6 |  7- 9 || total
-------------------------+-------+-------+-------++-------
Melee: War axe           |    15 |    15 |    18 ||    48
       Headbutt          |     4 |     5 |     8 ||    17
  Use: Potion            |       |     1 |     1 ||     2
       Scroll            |       |       |     1 ||     1
Armor: Scale mail        |     2 |     1 |     4 ||     7
Dodge: Dodged            |     5 |     4 |     3 ||    12
Block: Shield            |     6 |     5 |     7 ||    18
